 Seeded DCSS version 0.30-a0-738-g116ff8c4af (webtiles) character file.

Game seed: 5430720872467839093 (custom seed)

219 purpskrrrp the Shooter (level 5, -2/27 HPs)
             Began as a Spriggan Hunter on Feb 4, 2023.
             Slain by a gnoll
             ... wielding a +0 spear
              (6 damage)
             ... on level 3 of the Dungeon.
             The game lasted 00:04:55 (2032 turns).

purpskrrrp the Shooter (Spriggan Hunter)            Turns: 2032, Time: 00:04:56

Health: -2/27      AC:  4    Str: 13    XL:     5   Next: 64%
Magic:  6/6        EV: 19    Int: 15    God:
Gold:   107        SH:  0    Dex: 20    Spells: 4/4 levels left

rFire   . . .      SeeInvis +    q - +2 shortbow (flame)
rCold   + + .      Faith    +    (shield currently unavailable)
rNeg    . . .      Spirit   .    c - +0 robe
rPois   +          Reflect  .    (helmet restricted)
rElec   +          Harm     +    s - +1 cloak {rPois}
rCorr   .          Rampage  .    (gloves unavailable)
Will    .....                    (boots unavailable)
Stlth   +++                      r - amulet of Tucli {Faith Harm rC++}
HPRegen 0.24/turn                l - +6 ring of strength
MPRegen 0.10/turn                o - ring "Ikhleng" {Drain rElec rPois Int+4 SInv}

@: very quick
A: very small, no large weapons, unfitting armour, see invisible, speed 3
a: no special abilities


You were on level 3 of the Dungeon.
You visited 1 branch of the dungeon, and saw 3 of its levels.

You collected 107 gold pieces.

Inventory:

Hand Weapons
 a - a +0 shortbow of draining
 q - a +2 shortbow of flaming (weapon)
Armour
 c - a +0 robe (worn)
 s - a +1 cloak of poison resistance (worn)
Jewellery
 l - a +6 ring of strength (left hand)
 m - a ring of protection from cold
 o - the ring "Ikhleng" (right hand) {Drain rElec rPois Int+4 SInv}
   (You acquired it on level 2 of the Dungeon)

   [ring of poison resistance]

   Int:       It affects your intelligence (+4).
   rElec:     It insulates you from electricity.
   rPois:     It protects you from poison.
   SInv:      It lets you see invisible.
   Drain:     It drains your maximum health when unequipped.
 r - the amulet of Tucli (around neck) {Faith Harm rC++}
   (You acquired it on level 2 of the Dungeon)

   [amulet of faith]

   It allows you to gain divine favour quickly.
   rC:        It greatly protects you from cold.
   Harm:      It increases damage dealt and taken.
Wands
 w - a wand of mindburst (13)
Scrolls
 b - 2 scrolls of immolation
 e - a scroll of teleportation {unknown}
 g - 3 scrolls of amnesia {unknown}
 i - 2 scrolls of noise {unknown}
 j - a scroll of identify {unknown}
 k - a scroll of torment {unknown}
 n - a scroll of fog {unknown}
 p - a scroll of enchant armour {unknown}
 t - a scroll of poison {unknown}
Potions
 d - a potion of mutation {unknown}
 f - a potion of attraction {unknown}
 h - 2 potions of curing {unknown}
 u - a potion of degeneration {unknown}
 v - a potion of ambrosia {unknown}
 x - a potion of lignification {unknown}


   Skills:
 + Level 2.5 Fighting
 * Level 5.4 Ranged Weapons
 + Level 4.2 Dodging
 + Level 4.1 Stealth


You had 4 spell levels left.
You didn't know any spells.
Your spell library was empty.

Dungeon Overview and Level Annotations

Branches:
Dungeon (3/15)

Altars:

Shops:
D:2 ?


Innate Abilities, Weirdness & Mutations

You are very small and have problems with some larger weapons.
You are too small for most types of armour.
You have supernaturally acute eyesight. (SInv)
You cover ground extremely quickly. (Speed+++)


Message History

You are too injured to fight recklessly!
You are too injured to fight recklessly!
You are too injured to fight recklessly!
You are too injured to fight recklessly!
You are too injured to fight recklessly!
You are too injured to fight recklessly!
You are too injured to fight recklessly!
You are too injured to fight recklessly!
Unknown command.
You are too injured to fight recklessly!
The gnoll misses you. x2
Things that are here:
a +0 club; a gnoll corpse You shoot an arrow.
The arrow hits the gnoll!
The arrow burns the gnoll.
You kill the gnoll!
The gnoll closely misses you.
You see here a +0 spear.
The gnoll closely misses you. The gnoll barely misses you.
You see here a +0 spear.
You shoot an arrow. The arrow completely misses the gnoll.
The arrow hits the giant cockroach!
The arrow burns the giant cockroach.
You kill the giant cockroach!
The gnoll misses you. The gnoll barely misses you.
You shoot an arrow. The arrow barely misses the gnoll.
The arrow hits the gnoll but does no damage.
The gnoll throws a throwing net.
The throwing net hits you.
You become entangled in the net!
The gnoll barely misses you.
You struggle against the net.
The gnoll hits you with a +0 spear.
The gnoll hits you from afar with a +0 spear.
* * * LOW HITPOINT WARNING * * *
You tear a large gash into the net.
The gnoll barely misses you. The gnoll hits you with a +0 club.
* * * LOW HITPOINT WARNING * * *
The gnoll barely misses you.
You rip the net and break free!
The gnoll completely misses you. x2
The gnoll hits you from afar with a +0 spear.
* * * LOW HITPOINT WARNING * * *
You shoot an arrow. The arrow closely misses the gnoll.
The arrow barely misses the adder.
The gnoll hits you with a +0 spear.
You die...

.> #.###........ #.
#.###.#...###
#.#####.##..#..##
#..##.(....##.†###
#..###.......##.......##
#.......#..####.#####..#
# ####...## #.# ##..
#..####g### #.# ##.
#......@gS# #.# #.
#...##..#gg# ..# #. #.
##.##.# ## ## #.# .# #
#.. . # #.. . # .... ..
.... .....


You could see 4 gnolls and an adder.

Vanquished Creatures
  A necrophage (D:2)
  An orc priest (D:3)
  An orc wizard (D:3)
  5 gnolls
  An adder (D:2)
  3 orcs (D:3)
  3 bats
  5 endoplasms
  A giant cockroach (D:3)
  4 hobgoblins
  4 jackals (D:1)
  5 kobolds
  2 quokkas (D:1)
  4 ball pythons
  2 frilled lizards
  4 goblins
  3 rats
49 creatures vanquished.

Notes
Turn   | Place    | Note
-------+----------+-------------------------------------------
     0 | D:1      | purpskrrrp the Spriggan Hunter began the quest for the Orb.
     0 | D:1      | Reached XP level 1. HP: 10/10 MP: 2/2
   115 | D:1      | Reached XP level 2. HP: 15/15 MP: 3/3
   853 | D:2      | Found Doddoiw's Magic Scroll Shoppe.
   948 | D:2      | Noticed a necrophage
   991 | D:2      | Killed a necrophage
   992 | D:2      | Reached XP level 3. HP: 18/18 MP: 4/4
   992 | D:2      | Reached XP level 4. HP: 23/23 MP: 5/5
  1327 | D:2      | Reached skill level 5 in Ranged Weapons
  1519 | D:2      | Identified 4 scrolls of acquirement
  1519 | D:2      | Acquired a +2 shortbow of flaming
  1521 | D:2      | Acquired the amulet of Tucli {Faith Harm rC++}
  1529 | D:2      | Acquired a +1 cloak of poison resistance
  1535 | D:2      | Acquired the ring "Ikhleng" {Drain rElec rPois Int+4 SInv}
  1576 | D:3      | Reached XP level 5. HP: 27/27 MP: 6/6
  1783 | D:3      | Found a faded altar of an unknown god.
  1926 | D:3      | Identified the +3 short sword of the Manifold Quests
                  | {flame, rElec Int+5}
  2032 | D:3      | Slain by a gnoll

Illustrated notes

Levels and vault maps discovered:
D:1:      dpeg_arrival_boxes_within_box, layout_basic
D:2:      layout_loops_ring, serial_shops, shop, nicolae_kite_square_tiling_tiny
D:3:      layout_rooms, okawaru_metal_pillars_3, ebering_ecumenical_altar_rust

Skill      XL: |  1  2  3  4  5 |
---------------+----------------+-----
Stealth        | 2 3 4 |  4.1
Dodging        | 3 4 |  4.2
Fighting       | 2 |  2.5
Ranged Weapons | 5 |  5.4

Action                     |  1- 3 |  4- 6 || total
---------------------------+-------+-------++-------
   Fire: Shortbow          |    57 |    54 ||   111
    Use: Scroll            |     1 |     4 ||     5
 Armour: Robe              |     1 |       ||     1
  Dodge: Dodged            |    15 |    24 ||    39

Table legend: (Time is in decaauts)
 A = Elapsed time spent in this place.
 B = Non-inter-level travel time spent in this place.
 C = Inter-level travel time spent in this place.
 D = Time resting spent in this place.
 E = Time spent auto-exploring this place.
 F = Levels seen in this place.
 G = Mean time per level.
                   A        B        C        D        E       F      G
               +--------+--------+--------+--------+--------+-----+--------+
         Total |   1390 |   1284 |    106 |    164 |    865 |   3 |  463.3 |
       Dungeon |   1390 |   1284 |    106 |    164 |    865 |   3 |  463.3 |
               +--------+--------+--------+--------+--------+-----+--------+

Top non-repeatable levels by time:
     D:2: 647 daAuts
     D:1: 538 daAuts
     D:3: 204 daAuts
